 Dungeon Crawl Stone Soup version 0.29-a0-557-g43b9904bd1 (webtiles) character file.

Game seed: 9596283940770704927

21 kae the Firebug (level 2, 0/15 HPs)
             Began as a Deep Elf Fire Elementalist on June 8, 2022.
             Slain by a gnoll
             ... wielding a +2 vampiric halberd
              (15 damage)
             ... on level 2 of the Dungeon.
             The game lasted 00:00:51 (1313 turns).

kae the Firebug (Deep Elf Fire Elementalist)        Turns: 1313, Time: 00:00:52

Health: 0/15       AC:  4    Str:  5    XL:     2   Next: 62%
Magic:  17/17      EV: 12    Int: 19    God:
Gold:   39         SH:  3    Dex: 15    Spells: 4/7 levels left

rFire   . . .      SeeInvis .   d - +1 flail
rCold   . . .      Faith    .   c - +0 buckler
rNeg    . . .      Spirit   .   a - +0 robe
rPois   .          Reflect  .   (no helmet)
rElec   .          Harm     .   j - +0 cloak
rCorr   .          Rampage  .   (no gloves)
Will    .....                   i - +0 pair of boots
Stlth   ++........              (no amulet)
HPRegen 0.05/turn               e - ring of magical power
MPRegen 0.15/turn               (no ring)

@: no status effects
A: no striking features
a: no special abilities


You were on level 2 of the Dungeon.
You visited 1 branch of the dungeon, and saw 2 of its levels.

You collected 39 gold pieces.

Inventory:

Hand Weapons
 d - a +1 flail (weapon)
Armour
 a - a +0 robe (worn)
 c - a +0 buckler (worn)
 i - a +0 pair of boots (worn)
 j - a +0 cloak (worn)
Jewellery
 e - a ring of magical power (left hand)
Potions
 b - a potion of magic
 g - 2 potions of degeneration {unknown}
 h - 2 potions of might {unknown}


   Skills:
 + Level 0.3 Fighting
 - Level 2.4 Dodging
 - Level 2.4 Stealth
 + Level 0.3 Shields
 + Level 3.1 Spellcasting
 * Level 2.0 Conjurations
 * Level 3.6 Fire Magic


You had 4 spell levels left.
You knew the following spells:

 Your Spells              Type           Power      Damage    Failure   Level
a - Foxfire               Conj/Fire      52%        2x1d6     6%          1
b - Scorch                Fire           32%        2d7       7%          2

Your spell library contained the following spells:

 Spells                   Type           Power      Damage    Failure   Level
 Conjure Flame            Conj/Fire      13%        6-21      19%         3
 Inner Flame              Hex/Fire       9%         N/A       28%         3
 Flame Wave               Conj/Fire      13%        2d6       54%         4


Dungeon Overview and Level Annotations

Branches:
Dungeon (2/15)

Altars:


Message History

Nothing appears to happen.
Your magical contamination has completely faded away.
Found a stone staircase leading down.
A dart slug comes into view.
There is a stone staircase leading down here.
A dart slug is nearby!
A dart slug is nearby!
Casting: Foxfire (safe; 7% risk of failure)
Confirm with . or Enter, or press ? or * to list all spells.
You conjure some foxfire!
The foxfire hits the dart slug.
The dart slug is lightly wounded.
The foxfire hits the dart slug.
The dart slug is heavily wounded.
Casting: Foxfire (safe; 7% risk of failure)
Confirm with . or Enter, or press ? or * to list all spells.
You conjure some foxfire!
A dart slug is nearby!
Casting: Foxfire (safe; 7% risk of failure)
Confirm with . or Enter, or press ? or * to list all spells.
You miscast Foxfire.
You are very lightly contaminated with residual magic.
Nothing appears to happen.
The foxfire hits the dart slug.
The dart slug is severely wounded.
The foxfire hits the dart slug.
You kill the dart slug!
Your Conjurations skill increases to level 2!
Okay, then.
Unknown command.
Your magical contamination has completely faded away.
A gnoll is nearby!
A gnoll is nearby!
A gnoll is nearby!
A gnoll is nearby!
There is a stone staircase leading down here.
A gnoll comes into view. It is wielding a +0 spear.
The gnoll shouts! x2; You hear a shout!
You hear an angry hiss.
The gnoll hits you from afar with a +2 vampiric halberd!
Ouch! That really hurt!
You die...

#.# #.# # #.# g#
#.##.## #.#. .##
#...#.. #.#... #.##.##
#.##@.########
#.....g.......
##.###..g####
#.###.....###
#...##......#
###.####....#######.
#..# ####.........
##.####...>....#.
########..##..####....#


You could see 2 gnolls.

Vanquished Creatures
  2 dart slugs
  A bat (D:1)
  A giant cockroach (D:1)
  2 goblins (D:1)
  A hobgoblin (D:1)
  5 ball pythons
  2 frilled lizards (D:1)
  A kobold (D:1)
  2 rats
17 creatures vanquished.

Vanquished Creatures (others)
  66 foxfires
66 creatures vanquished.

Grand Total: 83 creatures vanquished

Notes
Turn   | Place    | Note
-------+----------+-------------------------------------------
     0 | D:1      | kae the Deep Elf Fire Elementalist began the quest for the
                  | Orb.
     0 | D:1      | Reached XP level 1. HP: 10/10 MP: 6/6
   581 | D:1      | Reached XP level 2. HP: 15/15 MP: 8/8
   584 | D:1      | Learned a level 2 spell: Scorch
   744 | D:1      | Found a faded altar of an unknown god.
  1313 | D:2      | Slain by a gnoll

Illustrated notes

Levels and vault maps discovered:
D:1:      dpeg_arrival_stone_temple_mockup, layout_basic,
          basic_ecumenical_altar, minmay_statues_item
D:2:      layout_rooms, minmay_misc_feat_tower, kennysheep_boxes

Skill      XL: |  1  2 |
---------------+-------+-----
Conjurations   | 2 |  2.0
Fighting       | |  0.3
Dodging        | |  2.4
Stealth        | |  2.4
Shields        | |  0.3
Spellcasting   | |  3.1
Fire Magic     | |  3.6

Action                   || total
-------------------------++-------
 Cast: Foxfire           ||    38
       Scorch            ||     1
  Use: Scroll            ||     3
Dodge: Dodged            ||     1

Table legend: (Time is in decaauts)
 A = Elapsed time spent in this place.
 B = Non-inter-level travel time spent in this place.
 C = Inter-level travel time spent in this place.
 D = Time resting spent in this place.
 E = Time spent auto-exploring this place.
 F = Levels seen in this place.
 G = Mean time per level.
                   A        B        C        D        E       F      G
               +--------+--------+--------+--------+--------+-----+--------+
         Total |   1312 |   1126 |    186 |      0 |    956 |   2 |  656.0 |
       Dungeon |   1312 |   1126 |    186 |      0 |    956 |   2 |  656.0 |
               +--------+--------+--------+--------+--------+-----+--------+

Top non-repeatable levels by time:
     D:1: 1201 daAuts
     D:2: 110 daAuts
